 Dungeon Crawl Stone Soup version 0.18.1-48-g4cf74bf (webtiles) character file.

105 Alarkh the Insei (level 4, 0/33 HPs)
             Began as a Vampire Skald on July 17, 2016.
             Slain by a gnoll
             ... wielding a +0 spear
              (4 damage)
             ... on level 2 of the Dungeon.
             The game lasted 00:03:12 (1615 turns).

Alarkh the Insei (Vampire Skald)                    Turns: 1615, Time: 00:03:12

Health: 0/33       AC:  5    Str: 11    XL:     4   Next: 54%
Magic:  0/7        EV: 11    Int: 15    God:
Gold:   90         SH:  0    Dex: 13    Spells: 3 memorised, 1 level left

rFire  . . .     SeeInvis +       - Unarmed
rCold  + . .     Gourm    .     a - +0 leather armour
rNeg   + + .     Faith    .     (no shield)
rPois  +         Spirit   +     q - +1 helmet
rElec  .         Dismiss  .     (no cloak)
rCorr  .         Reflect  .     (no gloves)
SustAt .         Harm     .     (no boots)
MR     .....                    o - amulet of guardian spirit
Stlth  +.........               (no ring)
                                g - ring of wizardry

@: regenerating slowly, not resistant to hostile enchantments, very unstealthy
A: fangs 3, see invisible, unbreathing
a: Bat Form


You were on level 2 of the Dungeon.
You were thirsty.

You visited 1 branch of the dungeon, and saw 2 of its levels.

You collected 90 gold pieces.

Inventory:

Armour
 a - a +0 leather armour (worn)
 q - a +1 helmet (worn)
Jewellery
 g - a ring of wizardry (left hand)
 o - an amulet of guardian spirit (around neck)
Scrolls
 d - a scroll of remove curse
 e - 2 scrolls of identify {unknown}
 f - a scroll of enchant weapon {unknown}
 i - a scroll of amnesia {unknown}
 l - a scroll of enchant armour {unknown}
 m - a scroll of teleportation {unknown}
Potions
 c - 8 potions of blood
 j - a potion of invisibility {unknown}
 k - a potion of resistance {unknown}
 n - a potion of degeneration {unknown}
 p - a potion of heal wounds {unknown}
Books
 b - a book of Battle

   Spells                             Type                      Level
   a - Infusion                       Charms                       1
   b - Shroud of Golubria             Charms/Translocation         2
   c - Song of Slaying                Charms                       2
   d - Spectral Weapon                Hexes/Charms                 3
   e - Regeneration                   Charms/Necromancy            3


   Skills:
 - Level 1.7 Fighting
 - Level 0.7 Armour
 - Level 1.1 Dodging
 + Level 5.3 Unarmed Combat
 - Level 2.0 Spellcasting
 - Level 3.2 Charms


You had one spell level left.
You knew the following spells:

 Your Spells              Type           Power        Failure   Level  Hunger
a - Shroud of Golubria    Chrm/Tloc      #.........   10%         2    ###....
c - Infusion              Chrm           ##..         4%          1    #......
e - Regeneration          Chrm/Necr      #.........   21%         3    ###....


Dungeon Overview and Level Annotations

Branches:
Dungeon (2/15)

Altars:


Innate Abilities, Weirdness & Mutations

You heal slowly.
You have razor-sharp teeth.
You have supernaturally acute eyesight.
You can survive without breathing.


Message History

You hit the gnoll but do no damage. The gnoll closely misses you.
You barely miss the gnoll. The gnoll closely misses you.
The gnoll hits you but does no damage.
You hit the gnoll.
The gnoll is heavily wounded.
The gnoll hits you from afar with a spear.
The gnoll closely misses you.
You hit the gnoll.
The gnoll is almost dead.
The gnoll misses you. The gnoll hits you with a spear.
Your leather armour prevents you from hitting the gnoll.
The gnoll is almost dead.
The gnoll hits you from afar with a spear.
The gnoll hits you but does no damage.
You hit the gnoll.
You kill the gnoll!
The gnoll hits you from afar with a spear!
* * * LOW HITPOINT WARNING * * *
The gnoll hits you with a spear.
You die...

##.)..###..........#
#.<#
#..#..##..........#
##.#
###>..#......[......#
#.#
....#...#...........#
###
..#####.#...........#
..# #..#..........#
..######..###..#####
.....####.##...g####
###.....#.##.##.@..####
#
####....#..#####....##
###...#)## ##.##.#
##........#####8.8#.#
##..).......##.......#
#..............#8.8###
#...........##.##.###
#..........)........#
#..........##...>...#


You could see a gnoll.

Vanquished Creatures
  4 adders (D:2)
  2 gnolls (D:2)
  An ooze (D:1)
  2 worms (D:2)
  2 dart slugs
  A giant gecko (D:1)
  4 giant cockroaches (D:1)
  3 goblins
  5 hobgoblins
  5 bats
  4 giant newts (D:2)
  5 kobolds
  2 rats (D:1)
40 creatures vanquished.

Notes
Turn   | Place    | Note
--------------------------------------------------------------
     0 | D:1      | Alarkh the Vampire Skald began the quest for the Orb.
     0 | D:1      | Reached XP level 1. HP: 16/16 MP: 3/3
   122 | D:1      | Reached skill level 3 in Unarmed Combat
   122 | D:1      | Reached XP level 2. HP: 4/22 MP: 5/5
  1001 | D:1      | Reached XP level 3. HP: 19/27 MP: 2/6
  1095 | D:2      | Reached skill level 4 in Unarmed Combat
  1176 | D:2      | Learned a level 3 spell: Regeneration
  1179 | D:2      | Learned a level 2 spell: Shroud of Golubria
  1310 | D:2      | Reached XP level 4. HP: 17/33 MP: 7/7
  1495 | D:2      | Reached skill level 5 in Unarmed Combat
  1615 | D:2      | Slain by a gnoll

Skill      XL: |  1  2  3  4 |
---------------+-------------+-----
Unarmed Combat | 3 4 5 |  5.3
Fighting       | |  1.7
Armour         | |  0.7
Dodging        | |  1.1
Spellcasting   | |  2.0
Charms         | |  3.2

Action                   |  1- 3 |  4- 6 || total
-------------------------+-------+-------++-------
Melee: Unarmed           |   144 |    39 ||   183
       Bite              |    15 |     3 ||    18
 Cast: Infusion          |     4 |     1 ||     5
       Shroud of Golubri |     2 |     5 ||     7
       Regeneration      |     1 |     3 ||     4
 Abil: End Transformatio |       |     1 ||     1
       Bat Form          |       |     1 ||     1
  Use: Scroll            |     1 |       ||     1
       Potion            |     3 |       ||     3
Armor: Leather armour    |    34 |     9 ||    43
Dodge: Dodged            |    76 |    27 ||   103
